Map: Temple gelé

Players

zidar

  • Race: Zerg Zerg
  • League: Gold
  • Spawn Location: 5:00

kor - Winner!

  • Race: Zerg Zerg
  • League: Gold
  • Spawn Location: 11:00

VOD

Have the link to the VOD?

Description

Time

  • Played on: June 2, 2016, 1:42 p.m.
  • Length: 12:21
Show
View Real Time Build Order
Export as new Build Order

zidar Zerg 

Build Orders: Pool First 

Get SALT Encoding   

  12  0:01  Drone  
  13  0:12  Overlord  
  13  0:18  Drone  
  14  0:31  Drone x2  
  14  0:35  Drone  
  17  0:49  Spawning Pool  
  16  0:51  Drone  
  17  1:16  Hatchery  
  17  1:18  Drone  
  17  1:27  Extractor  
  17  1:28  Drone  
  17  1:35  Queen  
  19  1:42  Overlord  
  19  1:46  Drone  
  19  1:50  Drone  
  20  2:04  Drone  
  20  2:06  Drone  
  22  2:15  Queen  
  24  2:30  Metabolic Boost  
  24  2:31  Roach Warren  
  23  3:03  Overlord  
  23  3:04  Overlord  
  23  3:14  Extractor  
  22  3:27  Roach x5  
  22  3:28  Roach, Zergling x6  
  22  3:29  Zergling x2  
  38  4:01  Roach x4  
  43  4:03  Zergling x4  
  44  4:16  Overlord  
  44  4:17  Overlord  
  36  5:04  Roach x7  
  36  5:05  Zergling x2  
  41  5:36  Roach x4  
  45  5:54  Lair  
  45  6:00  Drone x3  
  45  6:02  Drone  
  49  6:17  Pneumatized Carapace  
  49  6:21  Overlord  
  49  6:45  Drone x8  
  57  6:54  Drone x3  
  60  7:00  Overlord  
  60  7:19  Spire  
  59  7:25  Extractor  
  59  7:29  Extractor  
  57  7:32  Roach x5  
  57  7:33  Zergling x2  
  68  8:03  Overseer  
  68  8:33  Overlord x3  
  68  8:34  Overlord  
  68  8:59  Mutalisk x11  
  90  9:14  Zergling x12  
  96  9:24  Evolution Chamber  
  95  9:34  Mutalisk  
  95  9:35  Mutalisk  
  99  9:39  Overlord  
  99  9:40  Overlord  
  97  10:15  Zergling x22  
  106  10:54  Zergling x12  
  106  10:55  Zergling x6  
  115  11:05  Evolution Chamber  
  115  11:09  Infestation Pit  
  113  11:26  Zergling x2  
  113  11:27  Zergling x4  
  47  12:00  Zergling x12  
Show
View Real Time Build Order
Export as new Build Order

kor Zerg - Winner!

Build Orders: Hatch First 

Get SALT Encoding   

  12  0:02  Drone  
  13  0:10  Drone  
  14  0:38  Hatchery  
  14  0:42  Drone  
  14  0:58  Spawning Pool  
  14  1:03  Extractor, Drone  
  13  1:09  Drone  
  14  1:17  Overlord  
  14  1:36  Drone x2  
  14  1:37  Drone  
  17  1:50  Queen  
  19  2:01  Zergling x2  
  19  2:02  Zergling x2  
  21  2:09  Metabolic Boost  
  21  2:11  Zergling x2  
  21  2:14  Drone  
  23  2:19  Drone  
  24  2:27  Queen  
  26  2:33  Overlord  
  26  2:43  Zergling x2, Drone  
  28  2:45  Overlord  
  28  2:52  Drone  
  28  2:54  Drone x2  
  31  3:05  Drone x2  
  33  3:16  Zergling x6  
  33  3:17  Drone x3  
  39  3:26  Roach Warren  
  38  3:33  Drone  
  39  3:45  Drone  
  40  4:01  Drone x2  
  40  4:02  Zergling x6  
  42  4:12  Roach, Overlord  
  42  4:15  Spine Crawler  
  43  4:17  Spine Crawler  
  43  4:18  Roach  
  43  4:19  Spine Crawler  
  43  4:20  Overlord  
  43  4:29  Overlord x2  
  40  4:44  Spine Crawler  
  38  4:45  Roach  
  38  4:46  Roach x2  
  38  4:47  Roach x2  
  42  4:56  Roach  
  46  5:00  Roach  
  44  5:11  Roach  
  44  5:12  Roach x2  
  44  5:13  Roach  
  42  5:23  Roach, Queen  
  42  5:25  Roach x2  
  45  5:37  Roach  
  45  5:40  Extractor  
  46  5:43  Evolution Chamber  
  46  5:47  Evolution Chamber  
  44  5:52  Drone  
  44  5:53  Roach x2  
  44  5:55  Zergling x2  
  44  5:56  Zergling x4  
  54  6:05  Roach  
  54  6:12  Roach  
  56  6:23  Roach  
  56  6:24  Roach  
  60  6:27  Zergling x4  
  60  6:29  Hatchery  
  61  6:34  Roach, Zergling x2  
  61  6:35  Zergling x2  
  61  6:36  Extractor  
  61  6:38  Drone  
  61  6:39  Drone  
  66  6:46  Drone  
  67  6:47  Drone  
  67  6:48  Overlord  
  68  6:55  Overlord  
  68  6:57  Lair  
  68  7:03  Zerg Missile Weapons Level 1  
  68  7:11  Drone  
  68  7:12  Drone x2  
  68  7:13  Drone  
  72  7:16  Drone x2  
  74  7:32  Drone x2  
  74  7:33  Drone  
  74  7:36  Drone x3  
  80  7:52  Drone  
  80  7:55  Queen, Extractor, Drone x2  
  80  7:56  Zergling x2  
  80  7:57  Roach x2  
  90  7:58  Zergling x2  
  90  8:12  Overlord  
  90  8:13  Overlord  
  90  8:14  Glial Reconstitution  
  90  8:16  Zerg Ground Armor Level 1  
  90  8:20  Hydralisk Den  
  90  8:21  Overlord  
  89  8:31  Drone  
  89  8:32  Drone x2  
  92  8:37  Drone x2  
  94  8:49  Hydralisk  
  94  8:51  Muscular Augments, Hydralisk x2  
  94  8:52  Hydralisk  
  94  8:54  Drone  
  103  8:56  Drone  
  103  8:58  Drone  
  105  9:08  Overlord, Drone x2  
  107  9:10  Hydralisk  
  107  9:11  Hydralisk  
  107  9:17  Ravager x3  
  113  9:23  Overseer  
  114  9:24  Overseer  
  114  9:29  Drone x2  
  116  9:33  Drone  
  116  9:34  Drone x2  
  116  9:35  Drone  
  116  9:36  Zerg Missile Weapons Level 2  
  120  9:41  Drone x2  
  120  9:44  Overlord  
  120  9:45  Overlord  
  122  9:46  Extractor  
  122  9:49  Extractor  
  118  9:55  Hydralisk x2  
  118  9:56  Hydralisk  
  119  10:04  Spore Crawler  
  113  10:08  Spore Crawler  
  113  10:11  Spore Crawler  
  113  10:13  Spore Crawler x2  
  109  10:14  Spore Crawler  
  109  10:15  Spore Crawler  
  109  10:17  Spore Crawler, Hydralisk  
  109  10:18  Hydralisk  
  110  10:24  Queen  
  110  10:27  Drone x2  
  114  10:29  Drone  
  113  10:37  Drone x3  
  113  10:38  Drone  
  114  10:44  Spore Crawler  
  112  10:52  Spore Crawler, Drone  
  112  10:53  Drone x2  
  114  10:58  Spore Crawler  
  114  11:01  Spore Crawler  
  114  11:03  Spore Crawler  
  111  11:04  Drone x2  
  111  11:05  Drone  
  114  11:14  Drone  
  114  11:15  Drone x3  
  114  11:18  Drone x3  
  119  11:24  Hydralisk, Drone  
  103  11:41  Hydralisk x5  
  103  11:43  Roach, Zergling x2  
  106  11:52  Drone x2  
  106  11:53  Drone x3  
Tags
 
League
GoldGold
Matchup
ZvZ
Race
Zerg
Spawn Locations
Cross Positions
Add a new tag
Caveats
  • Supply blocks, unpowered buildings, or Contaminate may cause inaccurate times.
  • Supply counts are checked every 10 seconds.